 Dungeon Crawl Stone Soup version 0.31.0-12-g77e489cdc1 (webtiles) character file.

Game seed: 15760230239271911663

79093 7tar4e the Marksspriggan (level 14, -1/69 HPs)
             Began as a Spriggan Hunter on Feb 21, 2024.
             Was a High Priest of Hepliaklqana.
             Killed by the raging water
             ... invoked by a water nymph
              (22 damage)
             ... on level 2 of the Shoals on Feb 22, 2024.
             The game lasted 01:02:01 (16047 turns).

7tar4e the Marksspriggan (Spriggan Hunter)         Turns: 16047, Time: 01:02:01

Health: -1/69      AC:  7    Str:  7    XL:     14   Next: 89%
Magic:  15/15      EV: 38    Int: 11    God:    Hepliaklqana [*****.]
Gold:   1050       SH:  0    Dex: 29    Spells: 3/13 levels left

rFire   . . .        p - +0 arbalest
rCold   . . .        (shield currently unavailable)
rNeg    . . .        Q - +2 robe {Will+}
rPois   .            (helmet restricted)
rElec   .            S - +2 cloak of the Thief {*Fog Slay-2 SInv Stlth+}
rCorr   .            (gloves unavailable)
SInv    +            (boots unavailable)
Will    +++..        T - amulet of regeneration
Stlth   ++++         C - ring of flight
HPRegen 1.11/turn    x - +6 ring of dexterity
MPRegen 0.14/turn

%: no passive effects
@: flying, very quick
A: reduced essence, very small, no large weapons, unfitting armour, see
invisible, speed 3
a: Renounce Religion, Recall Ancestor, Ancestor Identity, Transference, Idealise


You were on level 2 of the Shoals.
You worshipped Hepliaklqana.
Hepliaklqana was extremely pleased with you.
You visited 5 branches of the dungeon, and saw 21 of its levels.

You collected 1688 gold pieces.
You spent 638 gold pieces at shops.

Inventory:

Hand Weapons
 k - the +3 sling of Tirod {heavy, Fly rCorr Int+4}
   (You found it on level 5 of the Lair of Beasts)

   Int+4:     It affects your intelligence (+4).
   Fly:       It grants you flight.
   rCorr:     It protects you from acid and corrosion.
 p - a +0 arbalest (weapon)
 U - the +3 sling of Hitsecawk {antimagic, Will+}
   (You found it on level 2 of the Lair of Beasts)

   Will+:     It increases your willpower.
Armour
 r - +0 pearl dragon scales
 Q - a +2 robe of willpower (worn)
 S - the +2 cloak of the Thief (worn) {*Fog Slay-2 SInv Stlth+}
   (You acquired it on level 5 of the Lair of Beasts)

   *Fog:      It may release a thick cloud of smoke when the wearer is hurt.
   Slay-2:    It affects your accuracy & damage with ranged weapons and melee
   (-2).
   SInv:      It lets you see invisible.
   Stlth+:    It makes you more stealthy.
Jewellery
 j - a ring of wizardry
 t - a ring of protection from fire
 x - a +6 ring of dexterity (right hand)
 C - a ring of flight (left hand)
 L - a ring of willpower
 O - a ring of poison resistance
 T - an amulet of regeneration (around neck)
 W - a ring of positive energy
 Y - a ring of protection from fire
Talismans
 G - a blade talisman
Wands
 s - a wand of roots (12)
 u - a wand of quicksilver (11)
 I - a wand of flame (22)
 J - a wand of mindburst (10)
Scrolls
 b - a scroll of butterflies
 d - 3 scrolls of vulnerability
 e - 4 scrolls of amnesia
 g - 4 scrolls of noise {unknown}
 i - 3 scrolls of immolation
 n - 7 scrolls of teleportation
 o - a scroll of enchant armour
 v - 2 scrolls of poison
 w - a scroll of silence
 y - 2 scrolls of fog {unknown}
 D - 3 scrolls of blinking
 H - 4 scrolls of revelation {unknown}
 M - 2 scrolls of fear
 P - 2 scrolls of enchant weapon
 X - a scroll of brand weapon {unknown}
Potions
 a - 3 potions of heal wounds
 l - 2 potions of enlightenment
 m - a potion of cancellation
 q - a potion of haste
 z - 3 potions of curing
 A - 3 potions of might
 B - a potion of magic
 E - 2 potions of invisibility
 F - a potion of resistance {unknown}
 K - a potion of attraction
 R - a potion of mutation
 Z - 2 potions of berserk rage
Miscellaneous
 c - a phantom mirror (inert)
 f - a lightning rod (4/4)
 h - a phial of floods


   Skills:
 + Level 10.6 Fighting
 * Level 17.6 Ranged Weapons
 + Level 16.0 Dodging
 - Level 1.5 Stealth
 * Level 12.1 Hexes
 + Level 5.3 Evocations


You had 3 spell levels left.
You knew the following spells:

 Your Spells              Type           Power      Damage    Failure   Level
a - Discord               Hex            13%        N/A       100%        8
b - Ensorcelled Hibernat  Hex/Ice        26%        N/A       4%          2

Your spell library contained the following spells:

 Spells                   Type           Power      Damage    Failure   Level
 Dazzling Flash           Conj/Hex       26%        N/A       9%          3
 Foxfire                  Conj/Fire      0%         2x1d4     34%         1
 Sandblast                Erth           0%         2d4       34%         1
 Sting                    Conj/Alch      0%         1d3       34%         1
 Mercury Vapours          Alch/Air       0%         N/A       47%         2
 Static Discharge         Conj/Air       0%         3-3/arc   47%         2
 Fugue of the Fallen      Necr           0%         N/A       71%         3
 Passwall                 Erth           0%         N/A       71%         3
 Stone Arrow              Conj/Erth      0%         3d7       71%         3
 Volatile Blastmotes      Fire/Tloc      0%         2d10      71%         3
 Anguish                  Hex/Necr       6%         N/A       30%         4
 Airstrike                Air            0%         2d(0-16)  98%         4
 Animate Armour           Summ/Erth      0%         N/A       98%         4
 Brom's Barrelling Bould  Conj/Erth      0%         2d3       98%         4
 Olgreb's Toxic Radiance  Alch           0%         N/A       98%         4
 Summon Lightning Spire   Summ/Air       0%         N/A       98%         4
 Plasma Beam              Fire/Air       0%         2x1d10    100%        6
 Starburst                Conj/Fire      0%         6d3       100%        6
 Ozocubu's Refrigeration  Ice            0%         4d7       100%        7
 Lehudib's Crystal Spear  Conj/Erth      0%         10d2      100%        8
 Maxwell's Capacitive Co  Air            0%         ∞         100%        8


Dungeon Overview and Level Annotations

Branches:
Dungeon (11/15)            Temple (1/1) D:7            Lair (5/5) D:10
 Shoals (2/4) Lair:3       Spider (0/4) Lair:3        Slime (0/5) Lair:4
    Orc (2/2) D:9             Elf (0/3) Orc:2

Altars:
Ashenzari
Cheibriados
Dithmenos
Elyvilon
Fedhas
Gozag
Hepliaklqana
Kikubaaqudgha
Makhleb
Nemelex Xobeh
Okawaru
Qazlal
Ru
Sif Muna
Trog
Uskayaw
Vehumet
Wu Jian
Xom
Yredelemnul
Zin
The Shining One
Jiyva
Lugonu

Shops:
D:2 ?   Orc:2 =[*(   Shoals:2 !*

Portals:
Abyss: Lair:5

Annotations:
Lair:5 2 transporters, Metae's ghost, journeyman MiFi
Shoals:2 Frances; Polyphemus
Orc:1 2 transporters, Ifischaum's ghost, journeyman GrFi


Innate Abilities, Weirdness & Mutations

Your life essence is reduced to manifest your ancestor. (-10% HP)
You are very small and have problems with some larger weapons.
You are too small for most types of armour.
You have supernaturally acute eyesight. (SInv)
You cover ground extremely quickly. (Speed+++)


Message History

You shoot a bolt. The bolt closely misses the merfolk.
The centaur warrior wields a +0 orcbow.
The centaur warrior shoots an arrow.
Nebetia blocks the arrow.
The merfolk closely misses you.
The merfolk avatar chants a haunting song.
You are mesmerised by the merfolk avatar!
Fire: p) +0 arbalest
Press: ? - help, Q - select action, (/) - cycle Shift-Dir - straight line, f - Frances, p - merfolk
Aim: Frances, wielding a +0 dire flail and wearing a +0 ring mail (moderately wounded, fast, 75% to hit)
You shoot a bolt. The bolt closely misses Frances.
The bolt hits the merfolk siren!!
The merfolk siren is severely wounded.
Nebetia blocks the ice devil's attack.
The merfolk hits you from afar with a +0 trident.
The merfolk avatar chants its luring song.
The rust devil splashes around in the water.
The smoke demon gestures at you. Something smites you!
With a swish of your cloak, you release a cloud of fog.
Fire: p) +0 arbalest
Press: ? - help, Q - select action, (/) - cycle Shift-Dir - straight line, f - merfolk, p - Frances
Aim: a merfolk, wielding a +0 trident (67% to hit)
You shoot a bolt. The bolt hits the merfolk.
The merfolk is lightly wounded.
You are no longer entranced.
The merfolk closely misses you. The water nymph completely misses you.
The merfolk siren chants a haunting song.
You resist.
The centaur warrior unwields a +0 orcbow.
The centaur warrior hits Nebetia but does no damage.
Nebetia blocks the centaur warrior's attack.
Frances screams a word of power!
The shard of ice hits you!!
* * * LOW HITPOINT WARNING * * *
With a swish of your cloak, you release a cloud of fog.
The merfolk attacks as it pursues you! The merfolk completely misses you.
The merfolk attacks as it pursues you! The merfolk completely misses you.
You hear a splashing noise.
The water nymph casts a spell at you. The water rises up and strikes you!!
You die...

#≈≈≈≈≈≈≈≈
#≈≈≈≈≈≈≈≈
#≈≈≈≈≈≈≈≈
#≈≈≈≈≈≈≈≈
#≈≈≈≈≈≈≈≈
#≈≈≈≈≈≈≈≈≈
#≈≈≈≈≈≈≈≈~ ~~~~~~
#@≈≈≈≈≈≈~~~ ~~~.~.
#≈≈≈≈≈≈≈~~......Y.
#≈≈≈≈≈≈≈~~..≈≈....
#m≈≈§≈≈≈~~..≈∩≈...
#§≈m≈≈≈≈~~..≈≈≈..m
#§m§§§§§§~.....@§§
#§R§§§§§§3~......§
#§§§§§§§§4~m......
#§§§§§§§§~~~~..~.§


You could see the friendly Nebetia the knight, a merfolk (ally target), a
merfolk siren and a water nymph.

Vanquished Creatures
  An orc warlord (Orc:2)
  2 ettins
  2 hydras (Lair:3)
  An ogre mage (Orc:2)
  The ghost of Longtemps the Cleaver, a journeyman DsCK of Xom (D:10)
  A catoblepas (Lair:1)
  2 boulder beetles
  2 two-headed ogres (Orc:2)
  3 death yaks
  2 orc high priests (Orc:2)
  3 thrashing horrors (Lair:5)
  2 skysharks (Lair:5)
  Nergalle (D:11)
  2 sea snakes (Shoals:1)
  Pikel (D:4)
  5 orc sorcerers
  4 orc knights (Orc:2)
  An ugly thing (D:9)
  3 fauns (Shoals:1)
  5 kobold blastminers
  A manticore (Shoals:1)
  2 large abominations (Lair:5)
  A merfolk siren (Shoals:1)
  5 black mambas
  12 elephants
  A smoke demon (Lair:5)
  9 cane toads
  A rime drake (Lair:5)
  9 komodo dragons
  A merfolk (Shoals:1)
  5 trolls
  3 hornets
  A wind drake (Shoals:2)
  2 snapping turtles
  2 raiju (Lair:5)
  7 blink frogs (Lair:5)
  The ghost of sking99 the Trooper, an amateur GrFi of Makhleb (D:4)
  2 water elementals
  30 yaks
  Sigmund (D:5)
  A ynoxinul (Lair:5)
  5 small abominations (Lair:5)
  Eustachio (D:6)
  5 wyverns
  A vampire (D:8)
  2 steam dragons
  A warg (Orc:2)
  9 basilisks
  A chaos spawn (Lair:5)
  Menkaure (D:5)
  18 water moccasins
  2 acid dragons
  Duvessa (D:4)
  21 orc warriors
  3 ice beasts
  4 black bears
  10 ogres
  6 centaurs
  2 wolves (D:9)
  A phantom (D:4)
  2 lemures (D:4)
  2 kobold brigands
  3 gnoll sergeants
  14 bullfrogs
  5 scorpions
  29 wights
  Dowan (D:4)
  14 killer bees
  A howler monkey (D:6)
  4 electric eels
  7 hounds
  29 orc priests
  3 gnoll boudas
  3 jellies
  A sleepcap (D:5)
  Jessica (D:2)
  Ijyb (D:4)
  7 iguanas
  14 orc wizards
  4 hell rats (Lair:2)
  25 gnolls
  6 adders
  3 shadow imps (D:6)
  2 white imps (D:5)
  3 ufetubi
  3 dart slugs
  53 orcs
  8 endoplasms
  A giant cockroach (D:4)
  5 goblins
  9 hobgoblins
  19 jackals
  3 quokkas
  14 ball pythons
  6 bats
  5 frilled lizards
  21 kobolds
  2 rats (D:3)
568 creatures vanquished.

Vanquished Creatures (collateral kills)
  2 hydras (Lair:4)
  A two-headed ogre (Orc:1)
  A death yak (Lair:5)
  A harpy (shapeshifter) (Lair:5)
  A faun (Shoals:1)
  2 elephants (Lair:5)
  2 black mambas (Lair:5)
  A merfolk siren (Shoals:1)
  An ugly thing (Lair:5)
  A torpor snail (Lair:4)
  A cane toad (Lair:2)
  3 komodo dragons
  A rime drake (shapeshifter) (Lair:5)
  2 polar bears
  A wraith (D:10)
  A basilisk (Lair:4)
  9 yaks
  A chaos spawn (Lair:5)
  3 water moccasins
  A black bear (Lair:4)
  A small abomination (Lair:5)
  A bullfrog (Lair:4)
  A killer bee (D:10)
  4 orcs (Orc:2)
43 creatures vanquished.

Vanquished Creatures (others)
  5 knights
  3 ancestors
8 creatures vanquished.

Grand Total: 619 creatures vanquished

Notes
Turn   | Place    | Note
-------+----------+-------------------------------------------
     0 | D:1      | 7tar4e the Spriggan Hunter began the quest for the Orb.
     0 | D:1      | Reached XP level 1. HP: 10/10 MP: 2/2
    91 | D:1      | Reached XP level 2. HP: 15/15 MP: 3/3
   246 | D:1      | Reached XP level 3. HP: 18/18 MP: 4/4
   805 | D:2      | Found Wefuoqui's Magic Scroll Boutique.
   808 | D:2      | Noticed Jessica
   813 | D:2      | Killed Jessica
   817 | D:2      | Bought a scroll of identify for 26 gold pieces
   817 | D:2      | Bought a scroll of identify for 26 gold pieces
   817 | D:2      | Bought a scroll of identify for 26 gold pieces
   940 | D:2      | Found a shimmering altar of Xom.
   977 | D:2      | Reached XP level 4. HP: 23/23 MP: 5/5
  1134 | D:2      | Found a faded altar of an unknown god.
  1275 | D:2      | Reached skill level 5 in Ranged Weapons
  1680 | D:3      | Reached XP level 5. HP: 26/27 MP: 6/6
  1973 | D:4      | Noticed a phantom
  1993 | D:4      | Killed a phantom
  1997 | D:4      | Noticed Pikel
  1997 | D:4      | Noticed a lemure
  1997 | D:4      | Noticed a lemure
  1997 | D:4      | Noticed a lemure
  2013 | D:4      | Killed a lemure
  2013 | D:4      | Noticed a lemure
  2032 | D:4      | Killed a lemure
  2035 | D:4      | Killed Pikel
  2036 | D:4      | Reached skill level 7 in Ranged Weapons
  2036 | D:4      | Reached skill level 5 in Dodging
  2036 | D:4      | Reached XP level 6. HP: 15/33 MP: 7/7
  2036 | D:4      | Reached XP level 7. HP: 17/37 MP: 8/8
  2166 | D:4      | Noticed Duvessa
  2166 | D:4      | Noticed Dowan
  2167 | D:4      | Noticed Ijyb
  2187 | D:4      | Killed Duvessa
  2203 | D:4      | Killed Dowan
  2206 | D:4      | Killed Ijyb
  2403 | D:4      | Reached XP level 8. HP: 38/42 MP: 9/9
  2504 | D:4      | Found a runed translucent gate.
  2504 | D:4      | Found a runed translucent gate.
  2506 | D:4      | Found a runed translucent gate.
  2506 | D:4      | Noticed sking99's ghost (amateur GrFi)
  2594 | D:4      | Killed sking99's ghost
  2595 | D:4      | Reached skill level 8 in Ranged Weapons
  3018 | D:5      | Entered Level 5 of the Dungeon
  3154 | D:5      | Noticed Menkaure
  3158 | D:5      | Killed Menkaure
  3159 | D:5      | Reached skill level 9 in Ranged Weapons
  3219 | D:5      | Noticed Sigmund
  3224 | D:5      | Killed Sigmund
  3225 | D:5      | Reached skill level 5 in Fighting
  3261 | D:5      | Reached XP level 9. HP: 47/47 MP: 10/10
  4185 | D:6      | Reached skill level 10 in Ranged Weapons
  4321 | D:6      | Noticed Eustachio
  4324 | D:6      | Killed Eustachio
  4726 | D:7      | Found a staircase to the Ecumenical Temple.
  4734 | Temple   | Entered the Ecumenical Temple
  4755 | Temple   | Became a worshipper of the Shining One
  4864 | D:7      | Identified the +0 leather armour "Trusted Companion" {rF+
                  | Will+ Regen+ Dex+2}
  5223 | D:8      | Reached skill level 11 in Ranged Weapons
  5275 | D:8      | Reached XP level 10. HP: 47/53 MP: 11/11
  5281 | D:8      | Found an iron altar of Okawaru.
  5330 | D:8      | Learned a level 8 spell: Discord
  5518 | D:8      | Reached skill level 1 in Hexes
  5523 | D:8      | Reached skill level 10 in Dodging
  5523 | D:8      | Reached * piety under the Shining One
  5940 | D:9      | Reached ** piety under the Shining One
  6136 | D:9      | Reached skill level 12 in Ranged Weapons
  6159 | D:9      | Found a staircase to the Orcish Mines.
  6333 | D:9      | HP: 1/55 [orc priest/divine providence (9)]
  6338 | D:9      | Noticed a purple ugly thing
  6338 | D:9      | Reached *** piety under the Shining One
  6386 | D:9      | Killed a purple ugly thing
  6516 | D:9      | Reached XP level 11. HP: 45/58 MP: 12/12
  6523 | D:9      | Found a shimmering altar of Xom.
  6524 | D:9      | Found a hazy altar of Hepliaklqana.
  6528 | D:9      | Fell from the grace of the Shining One
  6528 | D:9      | Became a worshipper of Hepliaklqana the Forgotten
  6911 | Orc:1    | Entered Level 1 of the Orcish Mines
  6984 | Orc:2    | Entered Level 2 of the Orcish Mines
  6984 | Orc:2    | Found a staircase to the Elven Halls.
  6990 | Orc:2    | Reached skill level 5 in Hexes
  7132 | Orc:2    | Noticed an ettin
  7172 | Orc:1    | Killed an ettin
  7269 | Orc:2    | Noticed an orc knight
  7274 | Orc:2    | Killed an orc knight
  7275 | Orc:2    | Reached skill level 13 in Ranged Weapons
  7323 | Orc:2    | Noticed an orc sorcerer
  7326 | Orc:2    | Noticed a soul eater
  7328 | Orc:2    | Noticed an orc sorcerer
  7359 | Orc:2    | Killed an orc sorcerer
  7733 | Orc:2    | Noticed a soul eater
  7736 | Orc:2    | Noticed a soul eater
  7759 | Orc:2    | Killed an orc sorcerer
  7885 | Orc:2    | Noticed an orc high priest
  7890 | Orc:2    | Killed an orc high priest
  7963 | Orc:2    | Noticed a two-headed ogre
  7965 | Orc:2    | Noticed an orc knight
  7991 | Orc:2    | Killed an orc knight
  8135 | Orc:2    | Noticed an ogre mage
  8136 | Orc:2    | Noticed a two-headed ogre
  8146 | Orc:2    | Killed an ogre mage
  8204 | Orc:2    | Killed a two-headed ogre
  8205 | Orc:2    | Reached XP level 12. HP: 64/64 MP: 13/13
  8270 | Orc:2    | Killed a two-headed ogre
  8271 | Orc:2    | Reached skill level 14 in Ranged Weapons
  8469 | Orc:2    | Noticed an orc warlord
  8534 | Orc:2    | Killed an orc warlord
  8570 | Orc:2    | Found Edabra's Jewellery Shoppe.
  8626 | Orc:2    | Found Xaumecuama's General Store.
  8641 | Orc:2    | Found Ytethrem's Antique Weapon Shoppe.
  8721 | Orc:2    | Found Vytoliam's Antique Armour Shoppe.
  8759 | Orc:2    | Reached * piety under Hepliaklqana
  9016 | Orc:2    | Noticed an orc high priest
  9094 | Orc:2    | Killed an orc high priest
  9221 | Orc:2    | Bought a phantom mirror for 560 gold pieces
  9253 | Orc:1    | Noticed an ettin
  9287 | Orc:2    | Killed an ettin
  9364 | Orc:1    | Found a transporter.
  9370 | Orc:1    | Noticed a two-headed ogre
  9377 | Orc:1    | Killed a two-headed ogre
  9520 | Orc:1    | Noticed Ifischaum's ghost (journeyman GrFi)
  9521 | Orc:1    | Noticed a two-headed ogre
  9521 | Orc:1    | Noticed a two-headed ogre
  9522 | Orc:1    | Identified the +11 dire flail "Diphic" {antimagic, Fly
                  | rC+++ Str-5 SInv}
  9522 | Orc:1    | Identified the +4 dire flail of Torchibu {freeze, Str+3
                  | Int+3 Dex-2}
  9522 | Orc:1    | Noticed a two-headed ogre
  9522 | Orc:1    | Noticed a two-headed ogre
  9524 | Orc:1    | Noticed a two-headed ogre
  9551 | Orc:1    | Found a transporter.
  9616 | D:10     | Entered Level 10 of the Dungeon
  9980 | D:10     | Found a large runed translucent door.
  9980 | D:10     | Found a large runed translucent door.
  9997 | D:10     | Noticed Longtemps's ghost (journeyman DsCK)
 10086 | D:10     | Reached skill level 15 in Ranged Weapons
 10214 | D:10     | Reached ** piety under Hepliaklqana
 10215 | D:10     | Remembered your ancestor Nebetia as a knight
 10240 | D:10     | Found a shimmering blue altar of Sif Muna.
 10265 | D:10     | Found an ornate altar of the Wu Jian Council.
 10339 | D:10     | Found a bloodstained altar of Trog.
 10358 | D:10     | Found a staircase to the Lair.
 10775 | D:10     | Killed Longtemps's ghost
 10831 | D:11     | Noticed Nergalle
 10837 | D:11     | Killed Nergalle
 10837 | D:11     | Noticed a boulder beetle
 10838 | D:11     | Reached XP level 13. HP: 11/60 MP: 14/14
 10876 | Lair:1   | Entered Level 1 of the Lair of Beasts
 11681 | Lair:2   | Reached *** piety under Hepliaklqana
 11724 | Lair:2   | Identified the +3 sling of Hitsecawk {antimagic, Will+}
 12241 | Lair:2   | Reached skill level 10 in Hexes
 12379 | Lair:2   | Reached skill level 16 in Ranged Weapons
 12571 | Lair:5   | Entered Level 5 of the Lair of Beasts
 12610 | Lair:5   | Reached **** piety under Hepliaklqana
 12633 | Lair:5   | Identified a scroll of acquirement
 12634 | Lair:5   | Acquired the +2 cloak of the Thief {*Fog Slay-2 SInv
                  | Stlth+}
 12634 | Lair:5   | Found the +2 cloak of the Thief {*Fog Slay-2 SInv Stlth+}
 12830 | Lair:5   | Reached skill level 15 in Dodging
 12830 | Lair:5   | Got an earthy gem with 2390 turns to spare
 12919 | Lair:5   | Reached skill level 10 in Fighting
 12926 | Lair:5   | Reached XP level 14. HP: 67/69 MP: 15/15
 12934 | Lair:5   | Found a corrupted altar of Lugonu.
 12934 | Lair:5   | Found a one-way gate to the infinite horrors of the Abyss.
 13106 | Lair:5   | Reached skill level 1 in Evocations
 13259 | Lair:5   | Found a transporter.
 13261 | Lair:5   | Found a transporter.
 13265 | Lair:5   | Identified the +3 sling of Tirod {heavy, Fly rCorr Int+4}
 13270 | Lair:5   | Noticed Metae's ghost (journeyman MiFi)
 13487 | Lair:5   | Reached skill level 17 in Ranged Weapons
 14311 | Lair:4   | Learned a level 2 spell: Ensorcelled Hibernation
 14535 | Lair:4   | Reached ***** piety under Hepliaklqana
 14555 | Lair:4   | Found a viscous altar of Jiyva.
 14555 | Lair:4   | Found a staircase to the Slime Pits.
 14704 | Lair:3   | Found a hole to the Spider Nest.
 14836 | Lair:3   | Found a staircase to the Shoals.
 15644 | Shoals:1 | Entered Level 1 of the Shoals
 15725 | Shoals:1 | Reached skill level 5 in Evocations
 15886 | Shoals:2 | Noticed Polyphemus
 15886 | Shoals:2 | Noticed Frances
 15886 | Shoals:2 | Found Byfiytz's General Store.
 16010 | Shoals:2 | Found Wefiv's Distillery.
 16047 | Shoals:2 | Killed from afar by a water nymph

Illustrated notes

Levels and vault maps discovered:
D:1:      onia_arrival_mini_spirals, layout_basic, st_stairs_13
D:2:      layout_loops_cross, serial_shops, shop, basic_altar,
          hellmonk_ecumenical_altar_blasted, uniq_jessica
D:3:      minmay_thinvault, layout_rooms
D:4:      cheibrodos_pilgrimage, layout_basic, gammafunk_ghost_nasty_kobolds,
          uniq_duvessa, uniq_ijyb, uniq_pikel
D:5:      layout_basic, st_stairs_12, lightli_minifort, uniq_menkaure,
          uniq_sigmund
D:6:      layout_loops_cross, serial_demonic, serial_demonic_e,
          serial_demonic_c, serial_demonic_c, serial_demonic_g,
          serial_demonic_b, serial_demonic_g, uniq_eustachio
D:7:      black_bear_nest_1, layout_rooms, minmay_temple_entry_hall,
          serial_rivers, chequers_serial_rivers_small_3,
          chequers_serial_rivers_room_b, chequers_serial_rivers_micro_d,
          chequers_serial_rivers_micro_d
D:8:      layout_rooms, mainiacjoe_overflow_alcove_1
D:9:      layout_cave_pools, regret_index_temple_of_mockery, david_orc_1_choice,
          serial_gnoll_camp, gnoll_camp_mini_hut, gnoll_camp_mini_doghouse,
          gnoll_camp_mini_house, gnoll_camp_mini_doghouse,
          gnoll_camp_mini_doghouse, gnoll_camp_mini_basic
D:10:     layout_stronghold, mainiacjoe_overflow_alcove_2,
          mainiacjoe_overflow_two_lobes, minmay_lair_entry_grove,
          ebering_ghost_disaster_area
D:11:     layout_rooms, gammafunk_ghost_wrathful_warriors,
          portal_ice_cave_entry_ice_simulacra, uniq_nergalle, uniq_harold,
          uniq_erica, uniq_urug
Temple:   nicolae_temple_slightly_damp_pantheon
Lair:1:   layout_chaotic_city, infiniplex_staircase_pool, serial_bayou_shore_b,
          grunt_megastairs_1
Lair:2:   layout_regular_city, serial_bayou_pond_e, beast_lair_carwin_9,
          grunt_megastairs_3
Lair:3:   layout_cave_pods, minmay_shoals_entry_hut,
          spider_nest_entry_web_field, chequers_serial_rivers_room_b,
          nicolae_quartered_pool_super
Lair:4:   layout_regular_city, slime_entry_1, grunt_megastairs_2
Lair:5:   hellmonk_lair_end_abyssal_woods, layout_cave_pods,
          gammafunk_ghost_hive
Shoals:1: dreamdust_from_the_deep, layout_shoals, uniq_kirke
Shoals:2: layout_shoals, serial_shops, shop, shop, nicolae_shop_tiny_waterfront,
          shop, uniq_polyphemus, uniq_frances
Orc:1:    layout_caves, gammafunk_ghost_smash
Orc:2:    grunt_orc_cross, layout_caves, minmay_orc_temple_c

Skill      XL: |  1  2  3  4  5  6  7  8  9 10 11 12 13 14 |
---------------+-------------------------------------------+-----
Dodging        | 3 4 5 6 8 9 11 12 13 15 16 | 16.0
Fighting       | 2 3 4 5 6 7 8 9 10 | 10.6
Ranged Weapons | 5 7 9 11 12 13 15 16 17 | 17.6
Hexes          | 4 7 9 10 12 | 12.1
Evocations     | 5 |  5.3
Stealth        | |  1.5

Action                     |  1- 3 |  4- 6 |  7- 9 | 10-12 | 13-15 || total
---------------------------+-------+-------+-------+-------+-------++-------
  Melee: Arbalest          |       |       |     1 |       |       ||     1
   Fire: Shortbow          |    80 |   110 |       |       |       ||   190
         Arbalest          |       |    30 |   268 |   801 |   746 ||  1845
 Invoke: Recall Ancestor   |       |       |       |     3 |     6 ||     9
         Ancestor Life: Kn |       |       |       |     1 |       ||     1
         Ancestor Identity |       |       |       |     1 |       ||     1
  Evoke: Phantom mirror    |       |       |       |       |     1 ||     1
    Use: Scroll            |       |       |       |    15 |     8 ||    23
 Armour: Robe              |    12 |    15 |    30 |    62 |    44 ||   163
         Pearl dragon scal |       |       |       |       |    50 ||    50
  Dodge: Dodged            |    20 |    65 |    86 |   311 |   341 ||   823
  Block: Other             |       |       |       |    23 |     3 ||    26
         Reflection        |       |       |       |     5 |       ||     5
